 Dungeon Crawl Stone Soup version 0.19.4 (webtiles) character file.

209 Jynx the Chiller (level 5, -3/35 HPs)
             Began as a Merfolk Ice Elementalist on Jan 31, 2017.
             Slain by a phantom (7 damage)
             ... on level 4 of the Dungeon.
             The game lasted 00:06:29 (3216 turns).

Jynx the Chiller (Merfolk Ice Elementalist)         Turns: 3216, Time: 00:06:29

Health: -3/35      AC:  4    Str:  8    XL:     5   Next: 87%
Magic:  9/9        EV: 14    Int: 15    God:
Gold:   233        SH:  0    Dex: 15    Spells: 2 memorised, 5 levels left

rFire  . . .     SeeInvis .     e - +2 quarterstaff (chaos)
rCold  . . .     Gourm    .     a - +0 robe
rNeg   . . .     Faith    .     (shield currently unavailable)
rPois  .         Spirit   .     (no helmet)
rElec  .         Reflect  .     m - +0 cloak
rCorr  .         Harm     .     j - +0 pair of gloves
MR     .....                    (no boots)
Stlth  ++........               h - amulet of regeneration
                                (no ring)
                                (no ring)

@: no status effects
A: change form in water, swift swim, stealthy swim
a: no special abilities


You were on level 4 of the Dungeon.
You were not hungry.

You visited 1 branch of the dungeon, and saw 4 of its levels.

You collected 233 gold pieces.

Inventory:

Hand Weapons
 d - a +0 dagger
 e - a +2 quarterstaff of chaos (weapon)
Armour
 a - a +0 robe (worn)
 j - a +0 pair of gloves (worn)
 m - a +0 cloak (worn)
Jewellery
 h - an amulet of regeneration (around neck)
 p - an uncursed ring of fire
Wands
 f - a wand of disintegration (8/24)
Scrolls
 i - a scroll of fear
 n - a scroll of teleportation
 o - a scroll of magic mapping
 q - 4 scrolls of remove curse
 u - a scroll of enchant weapon
 w - a scroll of identify
Potions
 g - a potion of curing
 k - 2 potions of heal wounds
Books
 b - a book of Frost

   Spells                             Type                      Level
   a - Freeze                         Ice                          1
   b - Throw Frost                    Conjuration/Ice              2
   c - Ozocubu's Armour               Charms/Ice                   3
   d - Throw Icicle                   Conjuration/Ice              4
   e - Summon Ice Beast               Ice/Summoning                4
Comestibles
 c - 4 bread rations
 l - 4 meat rations
 r - a slice of pizza
 s - 4 fruits
 t - a chunk of flesh
 v - 2 royal jellies


   Skills:
 + Level 4.5 Dodging
 - Level 2.1 Stealth
 + Level 2.9 Spellcasting
   Level 0.7 Conjurations
 * Level 5.6 Ice Magic


You had 5 spell levels left.
You knew the following spells:

 Your Spells              Type           Power        Failure   Level  Hunger
a - Freeze                Ice            ###.         1%          1    #......
b - Ozocubu's Armour      Chrm/Ice       ##......     21%         3    ###....


Dungeon Overview and Level Annotations

Branches:
Dungeon (4/15)
 Temple: D:4-7

Altars:
Trog
Uskayaw


Message History

Your magical contamination has completely faded away.
You are too injured to fight recklessly!
You are too injured to fight recklessly!
You are too injured to fight recklessly!
You are too injured to fight recklessly!
An orc comes into view. It is wielding a club.
The phantom blinks!
There is a stone staircase leading down here.
You closely miss the phantom.
The phantom is severely damaged.
The phantom closely misses you. The phantom hits you.
* * * LOW HITPOINT WARNING * * *
You hit the phantom.
You heal the phantom.
The phantom is moderately damaged. x2
The phantom hits you but does no damage.
You closely miss the phantom.
The phantom is moderately damaged.
The orc shouts!
The phantom closely misses you. The phantom hits you!
You die...

#.##.# #..#.#
##.#.# #.#.#
#.#.# #.#.#
#...#
##(.#####
#W@....#
#...........o.
########...###
.### #


You could see a phantom and an orc.

Vanquished Creatures
  Crazy Yiuf (D:2)
  Terence (D:2)
  2 worker ants (D:4)
  4 adders
  3 worms
  A dart slug (D:2)
  2 leopard geckos
  3 orcs
  2 giant cockroaches
  3 goblins
  7 hobgoblins
  A ball python (D:2)
  10 bats
  13 frilled lizards
  7 kobolds
  9 rats
69 creatures vanquished.

Notes
Turn   | Place    | Note
-------+----------+-------------------------------------------
     0 | D:1      | Jynx the Merfolk Ice Elementalist began the quest for the Orb.
     0 | D:1      | Reached XP level 1. HP: 13/13 MP: 3/3
   262 | D:1      | Reached XP level 2. HP: 19/19 MP: 1/5
   741 | D:1      | Reached XP level 3. HP: 19/24 MP: 3/6
   954 | D:2      | Reached skill level 4 in Ice Magic
  1130 | D:2      | Found a runed door.
  1137 | D:2      | Learned a level 3 spell: Ozocubu's Armour
  1138 | D:2      | Noticed Crazy Yiuf
  1171 | D:2      | Killed Crazy Yiuf
  1171 | D:2      | Reached XP level 4. HP: 17/30 MP: 0/7
  1326 | D:2      | Noticed Terence
  1340 | D:2      | Killed Terence
  1812 | D:2      | Reached XP level 5. HP: 35/35 MP: 7/9
  1822 | D:2      | Reached skill level 5 in Ice Magic
  2242 | D:3      | Found a faded altar of an unknown god.
  2404 | D:3      | Found a hide-covered altar of Uskayaw.
  3045 | D:4      | Found a bloodstained altar of Trog.
  3181 | D:4      | Noticed a phantom
  3216 | D:4      | Slain by a phantom

Skill      XL: |  1  2  3  4  5 |
---------------+----------------+-----
Dodging        | 3 4 |  4.5
Ice Magic      | 4 5 |  5.6
Stealth        | |  2.1
Spellcasting   | |  2.9
Conjurations   | |  0.7

Action                   |  1- 3 |  4- 6 || total
-------------------------+-------+-------++-------
Melee: Unarmed           |    19 |       ||    19
       Dagger            |    25 |     2 ||    27
       Quarterstaff      |       |    29 ||    29
 Cast: Freeze            |    44 |    67 ||   111
  Use: Scroll            |     6 |     5 ||    11
 Stab: Sleeping          |     1 |       ||     1
  Eat: Chunk             |     1 |     7 ||     8
Armor: Robe              |     8 |    16 ||    24
Dodge: Dodged            |    51 |    64 ||   115
